 Dungeon Crawl Stone Soup version 0.20.1-1-g8b1a95d (webtiles) character file.

95 Minstaer the Grasshopper (level 4, -1/22 HPs)
             Began as a Spriggan Warper on Nov 4, 2017.
             Slain by a worm (11 damage)
             ... on level 2 of the Dungeon.
             The game lasted 00:28:38 (4470 turns).

Minstaer the Grasshopper (Spriggan Warper)          Turns: 4470, Time: 00:28:39

Health: -1/22      AC:  2    Str:  7    XL:     4   Next: 40%
Magic:  9/9        EV: 19    Int: 14    God:
Gold:   172        SH:  0    Dex: 16    Spells: 1/8 levels left

rFire    . . .     SeeInvis +   a - +0 short sword
rCold    . . .     Gourm    .   (shield restricted)
rNeg     . . .     Faith    .   p - +0 robe
rPois    .         Spirit   .   (helmet restricted)
rElec    .         Reflect  .   (no cloak)
rCorr    .         Harm     .   (gloves unavailable)
MR       .....                  (boots unavailable)
Stlth    +++.......             (no amulet)
Regen    0.1/turn               (no ring)
MPRegen  0.2/turn               (no ring)

@: lethally poisoned (-1 -> -6), very quick
A: unfitting armour, see invisible, herbivore 3, speed 3, slow metabolism 2
a: no special abilities


You were on level 2 of the Dungeon.
You were hungry.

You visited 1 branch of the dungeon, and saw 3 of its levels.

You collected 172 gold pieces.

Inventory:

Hand Weapons
 a - a +0 short sword (weapon)
 b - a +0 hunting sling
Missiles
 e - 4 tomahawks of dispersal (quivered)
 k - 53 stones
 q - 32 arrows
Armour
 p - a +0 robe (worn)
Scrolls
 d - 2 scrolls of blinking
 h - 2 scrolls of enchant weapon {unknown}
 i - 2 scrolls of identify {unknown}
 n - a scroll of remove curse {unknown}
 o - a scroll of recharging {unknown}
 u - 3 scrolls of teleportation {unknown}
Potions
 g - 2 potions of heal wounds {unknown}
 l - a potion of lignification {unknown}
 m - a potion of brilliance {unknown}
 r - a potion of curing {unknown}
 s - a potion of haste {unknown}
 t - a potion of mutation {unknown}
 v - a potion of degeneration {unknown}
Books
 c - a book of Spatial Translocations

   Spells                             Type                      Level
   a - Blink                          Translocation                2
   b - Shroud of Golubria             Charms/Translocation         2
   c - Lesser Beckoning               Translocation                3
   d - Gell's Gravitas                Translocation                3
   e - Teleport Other                 Translocation                3
   f - Passage of Golubria            Translocation                4
Comestibles
 f - a bread ration
 j - a fruit


   Skills:
 - Level 1.5 Fighting
 + Level 4.0 Short Blades
 - Level 1.0 Throwing
 - Level 3.5 Dodging
 + Level 4.4 Stealth
 - Level 2.6 Spellcasting
 - Level 4.4 Translocations


You had one spell level left.
You knew the following spells:

 Your Spells              Type           Power        Failure   Level  Hunger
a - Shroud of Golubria    Chrm/Tloc      #.........   14%         2    ###....
b - Blink                 Tloc           N/A          5%          2    ###....
c - Teleport Other        Tloc           ##......     11%         3    ###....


Dungeon Overview and Level Annotations

Branches:
Dungeon (3/15)

Altars:
Vehumet
Yredelemnul

Annotations:
D:3 bananaglory's ghost, weakling DrIE


Innate Abilities, Weirdness & Mutations

You are very small and have problems with some larger weapons.
You are too small for most types of armour.
You have supernaturally acute eyesight. (SInv)
You are a herbivore.
You cover ground extremely quickly.
You need consume almost no food.


Message History

The goblin is severely wounded.
You feel sick. The goblin completely misses you.
You hit the goblin but do no damage.
The goblin is severely wounded.
The goblin hits you.
Your shroud falls apart!
The worm bites you.
You hit the goblin.
You kill the goblin!
You feel sick.
You hit the worm.
The worm is lightly wounded.
The worm misses you.
You hit the worm.
The worm is moderately wounded.
You hit the worm but do no damage.
The worm is moderately wounded.
You feel sick. The worm bites you!
Ouch! That really hurt!
You die...

###.#......## ##.# #..#
#...........####.†###.##
#...###..##.......##..##
###...# #..#####.......###
#.....# #..###............
#.....###..##............#
##.....#........#..######..
#........w........## ####
#........†@.....### #...
#...............# #...
##.....#........# #...
#...............# ####...
#.....(....)....#####.....>
#............##.......##...
##...........##.########...
#.(............# #...
#[.........##### #...


You could see a worm.

Vanquished Creatures
  3 adders (D:2)
  An ooze (D:1)
  A worm (D:2)
  3 dart slugs (D:1)
  3 leopard geckos
  A ball python (D:1)
  4 giant cockroaches (D:2)
  6 hobgoblins
  2 jackals (D:2)
  6 kobolds
  7 bats
  A frilled lizard (D:1)
  7 goblins
  10 rats
55 creatures vanquished.

Notes
Turn   | Place    | Note
-------+----------+-------------------------------------------
     0 | D:1      | Minstaer the Spriggan Warper began the quest for the Orb.
     0 | D:1      | Reached XP level 1. HP: 10/10 MP: 5/5
   133 | D:1      | Reached skill level 1 in Stealth
   404 | D:1      | Reached XP level 2. HP: 2/14 MP: 6/6
  1197 | D:1      | Learned a level 2 spell: Shroud of Golubria
  1200 | D:1      | Learned a level 2 spell: Blink
  1787 | D:1      | Reached XP level 3. HP: 18/18 MP: 8/8
  2990 | D:2      | Learned a level 3 spell: Teleport Other
  3141 | D:2      | Reached XP level 4. HP: 12/22 MP: 6/9
  3165 | D:2      | Found a radiant altar of Vehumet.
  3959 | D:3      | Found a basalt altar of Yredelemnul.
  3961 | D:3      | Noticed bananaglory's ghost (weakling DrIE)
  4050 | D:3      | Noticed a sky beast
  4470 | D:2      | Slain by a worm

Skill      XL: |  1  2  3  4 |
---------------+-------------+-----
Stealth        | 1 2 4 |  4.4
Short Blades   | 3 4 |  4.0
Fighting       | |  1.5
Throwing       | |  1.0
Dodging        | |  3.5
Spellcasting   | |  2.6
Translocations | |  4.4

Action                   |  1- 3 |  4- 6 || total
-------------------------+-------+-------++-------
Melee: Short sword       |   206 |    62 ||   268
 Fire: Hunting sling     |       |    25 ||    25
Throw: Tomahawk          |     1 |       ||     1
 Cast: Blink             |     5 |     2 ||     7
       Shroud of Golubri |     2 |     3 ||     5
       Teleport Other    |       |     3 ||     3
 Stab: Sleeping          |     9 |     1 ||    10
  Eat: Fruit             |       |     2 ||     2
Armor: Robe              |    12 |     5 ||    17
Dodge: Dodged            |   155 |    63 ||   218
